 Dungeon Sprint DCSS version 0.21.1-1-g345015f (webtiles) character file.

0 Psiloshibe the Skirmisher (level 3, -4/33 HPs)
             Began as a Barachi Berserker on June 23, 2018.
             Was a Believer of Trog.
             Slain by Sigmund
             ... wielding a +0 scythe
              (12 damage)
             ... in the Dungeon (Sprint VI: "Thunderdome").
             The game lasted 00:00:45 (53 turns).

Psiloshibe the Skirmisher (Barachi Berserker)         Turns: 53, Time: 00:00:46

Health: -4/33      AC:  2    Str: 28    XL:     3   Next: 16%
Magic:  3/3        EV: 13    Int:  7    God:    Trog [**....]
Gold:   65         SH:  2    Dex: 14    Spells: 2/2 levels left

rFire    . . .     SeeInvis .   a - +0 falchion
rCold    + . .     Gourm    .   (no shield)
rNeg     + . .     Faith    .   b - +0 animal skin
rPois    .         Spirit   .   (no helmet)
rElec    +         Reflect  +   (no cloak)
rCorr    .         Harm     .   (no gloves)
MR       .....     NoTele   +   (no boots)
Stlth    ..........             p - amulet "Sagap" {Reflect rN+ Slay+3 SH+2}
HPRegen  0.11/turn              n - ring of Xom's Ringing Laughter {rElec rC+ Stlth-}
MPRegen  0.08/turn              o - ring "Ilerorchy" {MR- Str+9 Dex+3}

@: berserk cooldown, slowed, very slow
A: +LOS, swims, slowness 1, strong legs 1
a: Hop, Berserk, Trog's Hand, Burn Spellbooks, Renounce Religion


You were in the Dungeon.
You worshipped Trog.
Trog was pleased with you.
You were not hungry.

You visited 1 branch You collected 200 gold pieces.
You spent 135 gold pieces at shops.

Inventory:

Hand Weapons
 a - a +0 falchion (weapon)
Armour
 b - a +0 animal skin (worn)
 q - a +0 scale mail of positive energy
Jewellery
 n - the ring of Xom's Ringing Laughter (left hand) {rElec rC+ Stlth-}
   (You bought it in a shop in the Dungeon)

   [ring of loudness]

   It protects you from cold.
   It insulates you from electricity.
   It makes you less stealthy.
 o - the ring "Ilerorchy" (right hand) {MR- Str+9 Dex+3}
   (You bought it in a shop in the Dungeon)

   [ring of dexterity]

   It affects your strength (+9).
   It affects your dexterity (+3).
   It affects your resistance to hostile enchantments.
 p - the amulet "Sagap" (around neck) {Reflect rN+ Slay+3 SH+2}
   (You bought it in a shop in the Dungeon)

   [amulet of reflection]

   It shields you and reflects attacks.
   It affects your accuracy and damage with ranged weapons and melee attacks
   (+3).
   It protects you from negative energy.
   It affects your SH (+2).
Wands
 k - a wand of acid (3)
 l - a wand of iceblast (5)
Scrolls
 i - 4 scrolls of blinking
 m - 3 scrolls of fog
Potions
 d - a potion of curing
 e - 4 potions of heal wounds
 f - 4 potions of haste
 g - 2 potions of magic
 h - a potion of berserk rage
 j - a potion of resistance
Comestibles
 c - a ration


   Skills:
 + Level 5.4 Fighting
 + Level 5.3 Long Blades
 * Level 2.3 Throwing
 + Level 3.1 Armour
 + Level 3.0 Dodging


You had 2 spell levels left.
You didn't know any spells.

Dungeon Overview and Level Annotations

Branches:
Dungeon (1/1)

Altars:
Cheibriados
Fedhas
Gozag
Kikubaaqudgha
Makhleb
Qazlal
Ru
Sif Muna
Trog
Uskayaw
Vehumet
Wu Jian
Zin
Beogh

Shops:
D *[%???:(

Annotations:
D Sigmund


Innate Abilities, Weirdness & Mutations

Shadows flee at your approach. (+LOS)
You can swim through water.
You cover ground slowly.
You can hop short distances.


Message History

Sigmund hits you from afar with a scythe!
* * * LOW HITPOINT WARNING * * *
Found a blossoming altar of Fedhas.
Unknown command.
Evoke which item? (* to show all) (? for menu, Esc to quit)
Aiming: Corrosive Bolt
Press: ? - help, Shift-Dir - straight line, f - Sigmund
Aim: Sigmund, wielding a scythe and wearing a robe The bolt of acid misses Sigmund.
Sigmund points at you and mumbles some strange words.
You resist with significant effort.
Evoke which item? (* to show all) (? for menu, Esc to quit)
Aiming: Corrosive Bolt
Press: ? - help, Shift-Dir - straight line, f/p - Sigmund
Aim: Sigmund, wielding a scythe and wearing a robe The bolt of acid hits Sigmund.
Sigmund is splashed with acid.
The acid corrodes Sigmund!
Sigmund is severely wounded.
Sigmund hits you from afar with a scythe!
You die...

##.....## ##∩.....∩##
#∩.......∩# #_......._#
#_......._# #_......._#
###.........###
#⌠...........⌠#
######.8.).†@.@..8.##
##∩___......###......_
###∩...)....8.# .8.....
#.............###.......
#⌠..........###...# ....
#⌠..........# #.<.# ...
#⌠..........# #...# ..
##.............###... .
###∩........8.# .8....


You could see Sigmund.

Vanquished Creatures
  Terence (D)
  A hobgoblin (D)
  A kobold (D)
  A quokka (D)
4 creatures vanquished.

Notes
Turn   | Place    | Note
-------+----------+-------------------------------------------
     0 | D        | Psiloshibe the Barachi Berserker began the quest for the Orb.
     0 | D        | Reached XP level 1. HP: 18/18 MP: 1/1
     0 | D        | Found an ornate altar of the Wu Jian Council.
     3 | D        | Found a glowing silver altar of Zin.
     3 | D        | Found a burning altar of Makhleb.
     4 | D        | Found a bloodstained altar of Trog.
     4 | D        | Found an ancient bone altar of Kikubaaqudgha.
     4 | D        | Found a sacrificial altar of Ru.
     5 | D        | Found a stormy altar of Qazlal.
     5 | D        | Found an opulent altar of Gozag.
     5 | D        | Round 1.
     6 | D        | Found Usoclei's Delicious Food.
     6 | D        | Found a deep blue altar of Sif Muna.
     6 | D        | Found Xyeparocw's Identification Station.
     6 | D        | Found a snail-covered altar of Cheibriados.
     7 | D        | Found Reoluver's Jewellery.
     7 | D        | Found Edeisum's Advanced Armour.
     7 | D        | Found a hide-covered altar of Uskayaw.
     7 | D        | Found a radiant altar of Vehumet.
     7 | D        | Found a roughly hewn altar of Beogh.
    17 | D        | Bought a scintillating marble ring for 45 gold pieces
    17 | D        | Bought a warped bone ring for 45 gold pieces
    17 | D        | Bought a twitching ruby amulet for 45 gold pieces
    17 | D        | Identified the amulet "Sagap" {Reflect rN+ Slay+3 SH+2} (You bought it in a shop in the Dungeon)
    18 | D        | Identified the ring of Xom's Ringing Laughter {rElec rC+ Stlth-} (You bought it in a shop in the Dungeon)
    19 | D        | Identified the ring "Ilerorchy" {MR- Str+9 Dex+3} (You bought it in a shop in the Dungeon)
    32 | D        | Found Cinoumull's Magic Scroll Shop.
    33 | D        | Found Tiym's Staff Store.
    34 | D        | Found Eriate's Magic Scroll Shop.
    34 | D        | Found Huolie Ciova's Must-Have Magic.
    34 | D        | Noticed Terence
    41 | D        | Killed Terence
    41 | D        | Reached ** piety under Trog
    41 | D        | Reached skill level 5 in Fighting
    41 | D        | Reached skill level 5 in Long Blades
    41 | D        | Reached XP level 2. HP: 26/27 MP: 2/2
    41 | D        | Reached XP level 3. HP: 32/33 MP: 3/3
    50 | D        | Noticed Sigmund
    51 | D        | Found a blossoming altar of Fedhas.
    53 | D        | Slain by Sigmund

Skill      XL: |  1  2  3 |
---------------+----------+-----
Fighting       | 5 |  5.4
Long Blades    | 5 |  5.3
Throwing       | 2 |  2.3
Armour         | 3 |  3.1
Dodging        | 3 |  3.0

Action                   || total
-------------------------++-------
Melee: Falchion          ||    13
Invok: Berserk           ||     1
Evoke: Wand              ||     2
Dodge: Dodged            ||     4
       Rpst.: Falchion   ||     3
